Map: Imperio eterno EE

Players

llllllllllll (Trap)

  • Race: Protoss Protoss
  • League: Master
  • Spawn Location: 7:00

Maru - Winner!

  • Race: Terran Terran
  • League: Grandmaster
  • Spawn Location: 1:00

VOD

Have the link to the VOD?

Description

Time

  • Played on: Jan. 7, 2020, 8:54 p.m.
  • Length: 10:00
Show
View Real Time Build Order
Export as new Build Order

llllllllllll Protoss 

Build Orders: 1 Gate Expand, Blink Stalkers, Colossus Rush 

Get SALT Encoding   

  12  0:00  Probe  
  13  0:12  Probe  
  14  0:17  Pylon  
  14  0:24  Probe (Chrono Boost)  
  15  0:36  Probe (Chrono Boost)  
  15  0:37  Gateway  
  16  0:45  Probe (Chrono Boost)  
  16  0:46  Assimilator  
  17  0:51  Probe  
  18  1:03  Probe  
  19  1:15  Probe  
  20  1:24  Nexus  
  20  1:32  Cybernetics Core  
  20  1:36  Probe  
  21  1:43  Assimilator  
  21  1:48  Probe  
  21  1:52  Pylon  
  22  2:00  Probe  
  23  2:07  Adept (Chrono Boost)  
  23  2:08  Warp Gate  
  23  2:12  Probe  
  26  2:24  Probe (Chrono Boost)  
  26  2:27  Stalker (Chrono Boost)  
  27  2:33  Twilight Council  
  27  2:36  Probe (Chrono Boost)  
  31  2:42  Probe (Chrono Boost)  
  31  2:45  Probe (Chrono Boost)  
  31  2:49  Probe (Chrono Boost)  
  31  2:50  Probe (Chrono Boost)  
  33  2:52  Stalker  
  36  3:01  Probe  
  36  3:03  Probe  
  36  3:04  Blink (Chrono Boost)  
  38  3:15  Probe x2  
  39  3:26  Robotics Facility  
  39  3:27  Probe x2  
  40  3:31  Pylon  
  41  3:39  Probe x2  
  42  3:42  Assimilator  
  42  3:43  Assimilator  
  42  3:51  Probe x2  
  44  3:56  Stalker  
  44  3:57  Gateway  
  44  4:01  Gateway  
  46  4:03  Probe x2  
  46  4:05  Pylon  
  48  4:15  Probe x2, Observer (Chrono Boost)  
  51  4:21  Pylon  
  51  4:22  Stalker  
  53  4:27  Probe x2  
  53  4:28  Observer (Chrono Boost)  
  53  4:30  Robotics Bay  
  56  4:34  Forge  
  56  4:44  Probe x2  
  57  4:47  Observer  
  57  4:50  Stalker  
  59  5:00  Probe x2  
  61  5:10  Protoss Ground Weapons Level 1  
  61  5:14  Colossus (Chrono Boost)  
  61  5:16  Pylon  
  67  5:21  Extended Thermal Lance  
  67  5:31  Nexus  
  67  5:49  Charge  
  67  5:52  Colossus (Chrono Boost)  
  67  5:53  Gateway  
  73  5:57  Gateway  
  73  5:58  Observer  
  73  5:59  Sentry  
  73  6:00  Gateway  
  75  6:06  Gateway  
  75  6:15  Pylon  
  75  6:20  Pylon  
  75  6:22  Pylon  
  75  6:29  Sentry  
  75  6:31  Probe  
  78  6:33  Probe  
  78  6:34  Warp Prism (Chrono Boost)  
  78  6:35  Sentry, Zealot  
  84  6:44  Probe x2  
  84  6:45  Probe  
  87  6:49  Pylon  
  87  6:56  Zealot x3  
  87  6:57  Zealot  
  87  6:58  Observer (Chrono Boost)  
  96  7:01  Pylon  
  96  7:09  Zealot x2  
  96  7:10  Zealot  
  96  7:13  Templar Archives  
  102  7:23  Zealot x4  
  102  7:28  Pylon  
  110  7:33  Probe x3  
  113  7:48  Warp Prism (Chrono Boost)  
  113  7:50  Psionic Storm  
  91  7:59  Probe  
  91  8:00  Probe x2, Protoss Ground Armor Level 1 (Chrono Boost)  
  91  8:03  Zealot x3  
  91  8:04  High Templar x4  
  108  8:11  Probe  
  108  8:12  Probe x2  
  109  8:16  Pylon, Assimilator  
  109  8:17  Assimilator, Observer (Chrono Boost)  
  110  8:24  Probe x3  
  113  8:29  Gravitic Drive  
  113  8:36  Probe, Observer (Chrono Boost)  
  115  8:43  Nexus  
  115  8:45  High Templar, Pylon x2  
  115  8:48  Zealot x3  
  119  8:54  Stalker  
  119  8:55  Stalker  
  127  9:02  Forge  
  127  9:05  Probe x3, High Templar  
  132  9:12  Immortal (Chrono Boost)  
  136  9:17  Probe  
  136  9:27  Robotics Facility  
  136  9:30  Probe x3  
  139  9:32  Stalker x3  
  139  9:36  Pylon  
  144  9:42  Probe  
  144  9:43  Probe x2  
Show
View Real Time Build Order
Export as new Build Order

Maru Terran - Winner!

Build Orders: Reaper Expand 

Get SALT Encoding   

  12  0:00  SCV  
  13  0:13  SCV  
  14  0:17  Supply Depot  
  14  0:25  SCV  
  15  0:38  SCV  
  15  0:39  Barracks  
  16  0:43  Refinery  
  16  0:50  SCV  
  17  1:02  SCV  
  18  1:14  SCV  
  19  1:26  Orbital Command, Reaper  
  20  1:44  Command Center  
  20  1:51  Supply Depot  
  20  1:52  SCV  
  21  1:58  Marine  
  22  2:04  SCV  
  22  2:08  Factory  
  23  2:16  SCV  
  23  2:18  Bunker  
  23  2:21  Barracks Reactor  
  24  2:24  Refinery  
  24  2:28  SCV  
  25  2:40  SCV  
  26  2:52  SCV, Hellion  
  26  2:55  Starport  
  26  2:57  Orbital Command  
  29  3:01  Marine x2  
  29  3:05  SCV  
  32  3:15  Widow Mine  
  32  3:17  SCV  
  32  3:18  Marine x2  
  37  3:24  SCV  
  37  3:29  SCV  
  37  3:31  Medivac  
  40  3:35  Supply Depot  
  40  3:36  SCV  
  40  3:38  Widow Mine  
  43  3:42  Marine x2  
  43  3:45  SCV  
  46  3:48  Supply Depot  
  46  3:52  SCV  
  45  3:59  Marine  
  45  4:00  Marine  
  45  4:01  Factory Tech Lab  
  47  4:03  Starport Tech Lab  
  47  4:05  SCV x2  
  49  4:16  Command Center  
  49  4:17  Marine x2  
  49  4:18  SCV x2  
  49  4:21  Raven  
  55  4:25  Supply Depot  
  55  4:30  SCV  
  55  4:31  SCV  
  57  4:33  Siege Tank  
  60  4:43  SCV x2  
  62  4:55  SCV x2, Marine x2  
  62  4:58  Barracks x2  
  62  5:03  Refinery  
  62  5:04  Refinery  
  62  5:05  Siege Tank  
  65  5:07  SCV x2  
  65  5:15  Marine x2  
  65  5:18  Engineering Bay  
  65  5:19  SCV x2, Engineering Bay  
  69  5:28  Orbital Command  
  69  5:29  Supply Depot  
  69  5:31  SCV x2  
  71  5:37  Siege Tank  
  74  5:43  SCV x2  
  74  5:45  Barracks Tech Lab  
  74  5:46  Terran Infantry Weapons Level 1, Terran Infantry Armor Level 1  
  74  5:49  Supply Depot  
  76  5:52  Stimpack  
  76  5:53  Marine x3  
  76  5:55  SCV  
  76  5:56  Supply Depot  
  80  5:58  Orbital Command  
  80  6:00  SCV  
  81  6:07  SCV  
  81  6:08  Marauder  
  81  6:09  Starport Reactor  
  81  6:11  Marine x2  
  85  6:12  SCV, Marauder  
  85  6:19  SCV  
  85  6:20  Siege Tank  
  85  6:23  SCV  
  85  6:24  SCV, Barracks  
  85  6:25  Barracks  
  91  6:29  Combat Shield  
  91  6:31  Marine, SCV, Marauder  
  95  6:33  Marauder  
  95  6:35  SCV  
  95  6:38  SCV  
  95  6:39  Supply Depot  
  99  6:41  Missile Turret  
  99  6:44  SCV  
  99  6:47  SCV  
  99  6:50  Medivac x2  
  99  6:52  Supply Depot  
  99  6:53  SCV, Supply Depot  
  105  6:54  Supply Depot  
  105  6:55  Supply Depot  
  105  6:56  SCV  
  105  7:01  Marine, Marauder  
  109  7:03  Refinery  
  109  7:06  Refinery  
  109  7:12  Missile Turret  
  109  7:13  Marine, SCV, Siege Tank  
  109  7:14  Marauder, Barracks Tech Lab  
  109  7:15  Barracks Reactor  
  116  7:16  SCV x2  
  116  7:22  Medivac  
  120  7:26  SCV  
  120  7:27  Supply Depot  
  120  7:28  SCV x2  
  123  7:31  Marine, Armory  
  123  7:32  Marauder  
  126  7:38  SCV  
  126  7:39  Supply Depot, Marauder x2  
  126  7:40  SCV, Supply Depot  
  126  7:41  SCV  
  132  7:50  Marine  
  132  7:51  Siege Tank  
  128  7:53  Marauder  
  128  7:54  SCV  
  131  8:01  Supply Depot  
  131  8:03  Medivac x2  
  131  8:04  Supply Depot  
  137  8:10  Marine, Marauder, Command Center  
  137  8:11  Marauder  
  140  8:16  Missile Turret  
  140  8:26  Ghost Academy  
  140  8:27  Marine  
  140  8:28  Marauder  
  140  8:31  Concussive Shells  
  140  8:32  Marauder  
  145  8:39  Viking x2  
  149  8:47  Missile Turret  
  149  8:48  Missile Turret  
  149  8:49  Missile Turret  
  153  9:04  Barracks  
  153  9:06  Barracks x2  
  153  9:08  Marine  
  153  9:09  Marine x3  
  159  9:26  Marine x3, Supply Depot, Marauder, Unknown x2  
  159  9:27  Marauder  
  159  9:29  Viking x2  
  169  9:36  Unknown  
  169  9:37  Missile Turret, Marauder  
  169  9:38  Marine, Missile Turret  
Tags
 
Add a new tag
Caveats
  • Supply blocks, unpowered buildings, or Contaminate may cause inaccurate times.
  • Supply counts are checked every 10 seconds.